cohdb
Replays
Latest Replays
All Replays
Popular Replays
Top Player Replays
Match Explorer
How It Works
Community
CoH3 Stats
Reddit
Sign in to upload your games and track your stats! →
Sign in with Steam
Match 40634817
Unlisted
Match 40634817
Overview
Messages
Build Orders
End
Construct Section Command Post
Infantry Section
Infantry Section
Infantry Section
Construct Field Infirmary
Infantry Section
Grenade Package
Vickers Machine Gun Team
Selects Canadian Shock Battlegroup
Selects Incendiary Munitions
Valdai
Aguram
Jan13
Mugæbräx
0
0
Comments
sign in to comment!
No comments posted yet!